 Dungeon Crawl Stone Soup version 0.19-a0-1937-g70ed36a (webtiles) character file.

5278 Leibowitz the Spear-Bearer (level 10, -2/83 HPs)
             Began as a Demigod Gladiator on Oct 27, 2016.
             Slain by an orc warrior
             ... wielding a +0 halberd of freezing
              (22 damage)
             ... on level 12 of the Dungeon.
             The game lasted 00:37:23 (9234 turns).

Leibowitz the Spear-Bearer (Demigod Gladiator)      Turns: 9234, Time: 00:37:23

Health: -2/83      AC: 10    Str: 22    XL:     10   Next: 14%
Magic:  13/13      EV: 16    Int: 12    God:
Gold:   406        SH:  0    Dex: 22    Spells: 0 memorised, 9 levels left

rFire  . . .     SeeInvis .     b - +0 blowgun
rCold  . . .     Gourm    .     N - +0 troll leather armour
rNeg   . . .     Faith    .     (no shield)
rPois  +         Spirit   .     c - +0 helmet
rElec  .         Reflect  .     x - +1 cloak
rCorr  .         Harm     .     w - +0 pair of gloves
MR     +....                    I - +0 pair of boots
Stlth  +++.......               r - amulet of rage
                                n - +4 ring of strength
                                o - ring of poison resistance

@: no status effects
A: high mp 1
a: Evoke Berserk Rage


You were on level 12 of the Dungeon.
You were not hungry.

You visited 1 branch of the dungeon, and saw 10 of its levels.

You collected 532 gold pieces.
You spent 126 gold pieces at shops.

Inventory:

Hand Weapons
 a - a +1 glaive
 b - a +0 blowgun (weapon)
 A - a +0 trident
Missiles
 d - 2 javelins
 e - 19 poisoned needles (quivered)
 p - a throwing net
 D - a curare-tipped needle
Armour
 c - a +0 helmet (worn)
 w - a +0 pair of gloves (worn)
 x - a +1 cloak (worn)
 I - a +0 pair of boots (worn)
 N - a +0 troll leather armour (worn)
Jewellery
 g - an uncursed ring of positive energy
 i - an uncursed ring of protection from magic
 n - a +4 ring of strength (right hand)
 o - a ring of poison resistance (left hand)
 r - an amulet of rage (around neck)
 t - an uncursed amulet of guardian spirit
 y - an uncursed ring of protection from cold
Wands
 v - a wand of enslavement (14/24)
 B - a wand of lightning (4/15)
 E - a wand of hasting (8/9)
Scrolls
 k - 8 scrolls of identify
 l - 2 scrolls of remove curse
 m - 4 scrolls of recharging
 q - 8 scrolls of teleportation
 z - 3 scrolls of fear
 H - a scroll of fog
 O - a scroll of enchant weapon
Potions
 h - 5 potions of curing
 j - 2 potions of heal wounds
 s - a potion of might
 J - a potion of ambrosia
 K - 2 potions of cancellation {unknown}
Comestibles
 f - 6 bread rations
 u - 7 beef jerkies
 C - 14 fruits
 F - 4 royal jellies
 G - 2 slices of pizza
 L - 3 meat rations
 M - 3 chunks of flesh


   Skills:
 + Level 6.1 Fighting
 + Level 10.0 Polearms
 + Level 4.8 Throwing
 + Level 3.6 Armour
 + Level 4.9 Dodging
 + Level 4.8 Stealth
 + Level 0.6 Evocations


You had 9 spell levels left.
You didn't know any spells.

Dungeon Overview and Level Annotations

Branches:
Dungeon (12/15)            Temple (0/1) D:6
   Lair: D:8-11         Orc: D:9-12

Shops:
D:4 !   D:8 :   D:12 (


Innate Abilities, Weirdness & Mutations

You have an increased reservoir of magic. (+10% MP)


Message History

The poisoned needle barely misses the orc warrior.
Firing (i - inventory. (,) - cycle):
e - 21 poisoned needles (quivered)
Press: ? - help, Shift-Dir - straight line, f/p - orc warrior
Aim: an orc warrior, wielding a halberd of freezing and wearing a plate armour (poisoned)
You shoot a poisoned needle.
The poisoned needle barely misses the orc warrior.
The orc warrior hits you from afar with a halberd of freezing!
The orc warrior freezes you.
Firing (i - inventory. (,) - cycle):
e - 20 poisoned needles (quivered)
Press: ? - help, Shift-Dir - straight line, f/p - orc warrior
Aim: an orc warrior, wielding a halberd of freezing and wearing a plate armour (poisoned)
You shoot a poisoned needle.
The poisoned needle barely misses the orc warrior.
The orc warrior hits you from afar with a halberd of freezing!
* * * LOW HITPOINT WARNING * * *
The orc warrior freezes you.
* * * LOW HITPOINT WARNING * * *
There is a stone staircase leading up here.
The orc warrior hits you from afar with a halberd of freezing!!
You die...

# #.).... ####...o.#
###### ...#.o...#
#....# ...#.....#
#.##.# ...#.....#
#.##.#
...#..o..#########.##.#
..............(..#.##.#
...#...........#.#.##.#
...######.####.#@#.##.#
...# #.# #....#.##.#
.### #o###.o#.#.##.# .#
#o#...o#.#.##.# .#
#o#.#.##.#.##.# .#
#(#..o...#.##.# .#
#)###.####.##.## ##
#.....).##.#...# #
#####.#.##)#...#


You could see an orc warrior and 2 orcs.

Vanquished Creatures
  A hill giant (D:7)
  A troll (D:12)
  A spriggan (D:12)
  A wyvern (D:12)
  A wraith (D:12)
  A yak (D:8)
  A human (D:12)
  A hungry ghost (D:8)
  Menkaure (D:4)
  A soldier ant (D:12)
  A water moccasin (D:7)
  3 orc warriors
  A sky beast (D:7)
  4 phantoms
  A black bear (D:6)
  6 ogres
  4 centaurs
  4 bullfrogs
  A scorpion (D:6)
  A water moccasin skeleton (D:8)
  5 wights (D:7)
  A bullfrog zombie (D:6)
  4 crimson imps
  4 jellies
  2 hounds
  3 orc priests
  Crazy Yiuf (D:2)
  2 orc wizards
  A centaur skeleton (D:7)
  A bullfrog skeleton (D:9)
  7 iguanas
  5 worker ants
  A hound zombie (D:6)
  A hound skeleton (D:6)
  A worker ant zombie (D:5)
  A howler monkey skeleton (D:6)
  9 adders
  7 gnolls
  An ooze (D:1)
  An adder skeleton (D:4)
  4 worms
  3 dart slugs
  6 leopard geckos
  15 orcs
  2 ball pythons
  8 bats
  5 giant cockroaches
  13 goblins
  7 hobgoblins
  9 jackals
  9 quokkas
  11 frilled lizards
  A jackal skeleton (D:8)
  4 kobolds
  A quokka skeleton (D:8)
  12 rats
  A fungus (D:2)
205 creatures vanquished.

Notes
Turn   | Place    | Note
-------+----------+-------------------------------------------
     0 | D:1      | Leibowitz the Demigod Gladiator began the quest for the Orb.
     0 | D:1      | Reached XP level 1. HP: 17/17 MP: 3/3
   251 | D:1      | Reached XP level 2. HP: 24/24 MP: 4/4
   302 | D:1      | Reached skill level 3 in Polearms
   906 | D:1      | Reached XP level 3. HP: 29/29 MP: 5/5
  1295 | D:2      | Reached skill level 1 in Stealth
  1368 | D:2      | Reached skill level 1 in Armour
  1687 | D:2      | Reached XP level 4. HP: 36/36 MP: 6/6
  2098 | D:2      | Found a runed door.
  2102 | D:2      | Noticed Crazy Yiuf
  2107 | D:2      | Killed Crazy Yiuf
  2107 | D:2      | Reached skill level 4 in Polearms
  2315 | D:3      | Found a basalt altar of Yredelemnul.
  2551 | D:3      | Reached XP level 5. HP: 41/41 MP: 7/7
  2800 | D:3      | Found a shattered altar of Ashenzari.
  2950 | D:3      | Found an iron altar of Okawaru.
  3029 | D:4      | Noticed Menkaure
  3041 | D:4      | Killed Menkaure
  3041 | D:4      | Reached XP level 6. HP: 27/50 MP: 8/8
  3404 | D:4      | Found Requang's Distillery.
  3420 | D:4      | Bought a potion of mutation for 30 gold pieces
  3420 | D:4      | Bought a potion of curing for 36 gold pieces
  3936 | D:4      | Reached skill level 5 in Polearms
  4020 | D:4      | Bought a potion of heal wounds for 60 gold pieces
  4064 | D:5      | Entered Level 5 of the Dungeon
  4233 | D:5      | Found a shattered altar of Ashenzari.
  4328 | D:5      | Reached XP level 7. HP: 57/57 MP: 9/9
  4440 | D:5      | Found a sparkling altar of Nemelex Xobeh.
  5027 | D:6      | Reached skill level 6 in Polearms
  5571 | D:6      | Reached XP level 8. HP: 57/66 MP: 11/11
  5598 | D:6      | Found a staircase to the Ecumenical Temple.
  5836 | D:6      | Reached skill level 7 in Polearms
  6133 | D:7      | Found a blossoming altar of Fedhas.
  6161 | D:7      | Noticed a hill giant
  6180 | D:7      | Killed a hill giant
  6180 | D:7      | Reached skill level 8 in Polearms
  6481 | D:7      | Reached XP level 9. HP: 41/72 MP: 12/12
  6844 | D:7      | Reached skill level 5 in Fighting
  7056 | D:7      | Reached skill level 9 in Polearms
  7283 | D:7      | Found a deep blue altar of Sif Muna.
  7283 | D:7      | Found an ancient bone altar of Kikubaaqudgha.
  7285 | D:7      | Found a radiant altar of Vehumet.
  7289 | D:7      | Identified Sif Muna's Grimoire of Translocation
  7680 | D:8      | Found Konkeu Myff's Book Shop.
  8282 | D:9      | You fall through a shaft for 3 floors!
  8694 | D:12     | Found Qeulaf's Weapon Shop.
  8753 | D:12     | Reached XP level 10. HP: 34/83 MP: 13/13
  9181 | D:12     | Reached skill level 10 in Polearms
  9234 | D:12     | Slain by an orc warrior

Vault maps used:
D:1:      scummos_arrival_gate, minmay_tetromino_t2
D:2:      uniq_crazy_yiuf_cottage
D:3:      lemuel_doored_altar, old_standard_altar, first_bread,
          kennysheep_okawaru_gauntlet
D:4:      serial_shops, shop, roderic_roman_lattice, uniq_menkaure
D:5:      overflow_temple_1_default, basic_altar, minmay_fountain_box
D:7:      grunt_temple_overflow_magic_moments, fedhas_altar_fruit_tree
D:8:      serial_shops, shop
D:9:      minmay_overflow_temple_star_quad, marbit_many_paths
D:12:     orc_0_dummy, serial_shops, nicolae_shop_statue_plus,
          hangedman_stone_soup, david_defended_altar_elf

Skill      XL: |  1  2  3  4  5  6  7  8  9 10 |
---------------+-------------------------------+-----
Polearms       | 3 4 5 6 8 9 10 | 10.0
Throwing       | 2 3 4 |  4.8
Dodging        | 3 4 |  4.9
Fighting       | 2 3 4 6 |  6.1
Stealth        | 1 2 3 4 |  4.8
Armour         | 1 2 3 |  3.6
Evocations     | |  0.6

Action                   |  1- 3 |  4- 6 |  7- 9 | 10-12 || total
-------------------------+-------+-------+-------+-------++-------
Melee: Trident           |   138 |   247 |    69 |       ||   454
       Spear             |       |       |   133 |       ||   133
       Glaive            |       |       |   193 |    21 ||   214
 Fire: Blowgun           |       |    10 |    68 |    15 ||    93
Throw: Throwing net      |       |     3 |     2 |       ||     5
       Javelin           |       |       |    10 |       ||    10
Evoke: Wand              |       |     8 |     3 |       ||    11
  Use: Scroll            |       |     9 |     6 |       ||    15
       Potion            |       |     3 |     4 |       ||     7
 Stab: Sleeping          |     4 |     5 |    11 |     1 ||    21
       Held in net/web   |       |     4 |       |       ||     4
  Eat: Chunk             |     3 |     8 |    16 |     2 ||    29
Armor: Leather armour    |    42 |    64 |   103 |     2 ||   211
       Troll leather arm |       |       |       |     4 ||     4
Dodge: Dodged            |   100 |   153 |   213 |    13 ||   479
